 Dungeon Sprint DCSS version 0.28.0-53-g5a82cb258f (webtiles) character file.

Game seed: 5930759522325008182

93 Zeld the Thaumaturge (level 4, -1/24 HPs)
             Began as a Deep Elf Conjurer on May 29, 2022.
             Killed by an exploding fulminant prism (25 damage)
             ... in the Dungeon (Sprint IV: "Fedhas' Mad Dash").
             The game lasted 00:00:31 (615 turns).

Zeld the Thaumaturge (Deep Elf Conjurer)             Turns: 615, Time: 00:00:32

Health: -1/24      AC:  2    Str:  4    XL:     4   Next: 36%
Magic:  9/16       EV: 12    Int: 25    God:
Gold:   0          SH:  0    Dex: 13    Spells: 5/19 levels left

rFire   . . .      SeeInvis .   (no weapon)
rCold   . . .      Faith    .   (no shield)
rNeg    . . .      Spirit   .   a - +0 robe
rPois   .          Reflect  .   (no helmet)
rElec   .          Harm     .   (no cloak)
rCorr   .          Rampage  .   (no gloves)
Will    .....      NoTele   +   (no boots)
Stlth   ++........              (no amulet)
HPRegen 0.08/turn               (no ring)
MPRegen 0.15/turn               (no ring)

@: no status effects
A: no striking features
a: no special abilities


You were in the Dungeon.
You visited 1 branch

Inventory:

Armour
 a - a +0 robe (worn)
Scrolls
 g - a scroll of blinking
Potions
 b - a potion of curing
 c - a potion of heal wounds
 d - a potion of haste
 e - 2 potions of magic
 f - a potion of berserk rage


   Skills:
 - Level 2.4 Dodging
 - Level 2.4 Stealth
 * Level 8.3 Spellcasting
 * Level 7.9 Conjurations
 + Level 1.5 Hexes
 + Level 1.3 Translocations


You had 5 spell levels left.
You knew the following spells:

 Your Spells              Type           Power      Damage    Failure   Level
a - Magic Dart            Conj           100%       1d8       1%          1
b - Searing Ray           Conj           98%        2d8       1%          2
c - Fulminant Prism       Conj/Hex       17%        3d11      9%          4
d - Iskenderun's Mystic   Conj/Tloc      33%        2d8       9%          4
z - Dazzling Flash        Conj/Hex       68%        N/A       2%          3

Your spell library contained the following spells:

 Spells                   Type           Power      Damage    Failure   Level


Dungeon Overview and Level Annotations

Branches:
Dungeon (1/1)

Altars:


Message History

Memorise Iskenderun's Mystic Blast, consuming 4 spell levels and leaving 4?
You start memorising the spell.
You continue memorising. x4
You finish memorising.
Spell assigned to 'd'.
You start resting.
You start resting.
Magic restored.
You start waiting.
Done waiting.
You start waiting.
Done waiting.
You start waiting.
Done waiting.
Found 11 gold pieces.
An oklob sapling comes into view.
Marking area around an oklob sapling as unsafe for travelling.
Casting: Searing Ray (safe; 1% risk of failure)
Confirm with . or Enter, or press ? or * to list all spells.
The spell is extremely dangerous to miscast (13% risk of failure)!
Continue anyway?
Aiming: Fulminant Prism (extremely dangerous; 13% risk of failure)
Press: ? - help, Dir - move target You conjure a prism of explosive energy!
A fulminant prism comes into view.
Unknown command.
Casting: Fulminant Prism (extremely dangerous; 13% risk of failure)
Confirm with . or Enter, or press ? or * to list all spells.
Aiming: Searing Ray (safe; 1% risk of failure)
Press: ? - help, Shift-Dir - straight line, f - oklob sapling
Aim: an oklob sapling (ally target, 100% to hit)
The searing ray hits the oklob sapling!
You destroy the oklob sapling! (Press . to maintain the ray.)
Your fulminant prism crackles loudly.
Your Spellcasting skill increases to level 8!
Your Hexes skill increases to level 1!
Your Translocations skill increases to level 1!
Unknown command.
Your fulminant prism explodes!
The blast of energy engulfs you!!
Ouch! That really hurt!
You die...

##################
#<..P#.....#.$$$$#
#PP..'.)..@'.#
#PPPP#.....#.#
############ #


There were no monsters in sight!

Vanquished Creatures
  A scorpion (D)
  An oklob sapling (D)
  A river rat (D)
  A rat (D)
4 creatures vanquished.

Vanquished Creatures (others)
  A fulminant prism (D)
1 creature vanquished.

Grand Total: 5 creatures vanquished

Notes
Turn   | Place    | Note
-------+----------+-------------------------------------------
     0 | D        | Zeld the Deep Elf Conjurer began the quest for the Orb.
     0 | D        | Reached XP level 1. HP: 10/10 MP: 6/6
     9 | D        | Reached skill level 4 in Spellcasting
     9 | D        | Reached skill level 5 in Conjurations
     9 | D        | Reached XP level 2. HP: 15/15 MP: 2/9
    15 | D        | Learned a level 2 spell: Searing Ray
   214 | D        | Noticed a scorpion
   219 | D        | Killed a scorpion
   220 | D        | Reached skill level 7 in Spellcasting
   220 | D        | Reached XP level 3. HP: 19/19 MP: 2/14
   220 | D        | Reached XP level 4. HP: 24/24 MP: 2/15
   224 | D        | Learned a level 3 spell: Dazzling Flash
   229 | D        | Learned a level 4 spell: Fulminant Prism
   234 | D        | Learned a level 4 spell: Iskenderun's Mystic Blast
   615 | D        | Reached skill level 8 in Spellcasting
   615 | D        | Reached skill level 1 in Hexes
   615 | D        | Reached skill level 1 in Translocations
   615 | D        | Killed by an exploding fulminant prism

Illustrated notes

Levels and vault maps discovered:
D:        dungeon_sprint_fedhas [sprint_temple]

Skill      XL: |  1  2  3  4 |
---------------+-------------+-----
Spellcasting   | 4 7 8 |  8.3
Conjurations   | 5 7 |  7.9
Hexes          | 1 |  1.5
Translocations | 1 |  1.3
Dodging        | |  2.4
Stealth        | |  2.4

Action                   |  1- 3 |  4- 6 || total
-------------------------+-------+-------++-------
 Cast: Magic Dart        |     5 |       ||     5
       Searing Ray       |     2 |     1 ||     3
       Fulminant Prism   |       |     1 ||     1
Dodge: Dodged            |     3 |       ||     3
